 Dungeon Crawl Stone Soup version 0.29-a0-397-g846e4a0bbc (webtiles) character file.

Game seed: 13419432164424612730

89814 Bruhh the Thaumaturge (level 15, -5/120 HPs)
             Began as a Gnoll Ice Elementalist on May 12, 2022.
             Was a Priest of Ashenzari.
             Slain by a tyrant leech (20 damage)
             ... on level 1 of the Swamp.
             The game lasted 01:19:36 (35263 turns).

Bruhh the Thaumaturge (Gnoll Ice Elementalist)     Turns: 35263, Time: 01:19:36

Health: -5/120     AC: 10    Str:  8    XL:     15   Next: 98%
Magic:  12/32      EV: 17    Int: 36    God:    Ashenzari [***...]
Gold:   2135       SH:  7    Dex: 14    Spells: 8/40 levels left

rFire   . . .      SeeInvis +   r - +4 whip of the Vase {spect, *Slow rC+++ Int+7}
rCold   + + +      Faith    .   J - +0 buckler
rNeg    . . .      Spirit   .   q - +2 leather armour {rPois}
rPois   +          Reflect  .   L - +1 helmet "Per Aspera Ad Scientiam" {Int+3, Fort, Comp} (curse)
rElec   .          Harm     .   N - scarf of Ashenzari's Secrets {repulsion, Cun, Comp} (curse)
rCorr   .          Rampage  .   h - +0 pair of gloves of the Sky {Evo, Bglg} (curse)
Will    +....      Clarity  +   (no boots)
Stlth   +++++.....              B - amulet "Bound Together" {Acrobat, Alch, Self} (curse)
HPRegen 0.30/turn               c - ring "Behold Eternity" {Int+6, Elem, Cun} (curse)
MPRegen 0.23/turn               z - ring of wizardry

@: repel missiles
A: fangs 1, strong nose, distributed training
a: Renounce Religion, Curse Item, Shatter the Chains


You were on level 1 of the Swamp.
You worshipped Ashenzari.
Ashenzari was most pleased with you.
You visited 5 branches of the dungeon, and saw 25 of its levels.
You also visited: Sewer.

You collected 2515 gold pieces.
You spent 380 gold pieces at shops.

Inventory:

Hand Weapons
 r - the +4 whip of the Vase (weapon) {spect, *Slow rC+++ Int+7}
   (You found it on level 3 of the Dungeon)

   When its wielder attacks, the weapon's spirit leaps out and strikes again.
   The spirit shares a part of any damage it takes with its wielder.
   Int:       It affects your intelligence (+7).
   rC:        It renders you almost immune to cold.
   *Slow:     It may slow you when you take damage.
Missiles
 y - 3 throwing nets
Armour
 h - the cursed +0 pair of gloves of the Sky (worn) {Evo, Bglg}
   (You found it on level 1 of the Dungeon)

   It has a curse which improves the following skills: Evocations: Evocations.
   Beguiling: Conjurations, Hexes and Translocations.
 q - a +2 leather armour of poison resistance (worn)
 J - a +0 buckler (worn)
 L - the cursed +1 helmet "Per Aspera Ad Scientiam" (worn) {Int+3, Fort, Comp}
   (You found it on level 8 of the Dungeon)

   It has a curse which improves the following skills: Fortitude: Armour and
   Shields.
   Companions: Summonings and Necromancy.
 N - the cursed scarf of Ashenzari's Secrets (worn) {repulsion, Cun, Comp}
   (You found it on level 8 of the Dungeon)

   It has a curse which improves the following skills: Cunning: Dodging and
   Stealth.
   Companions: Summonings and Necromancy.
Jewellery
 c - the cursed ring "Behold Eternity" (left hand) {Int+6, Elem, Cun}
   (You took it off an orc on level 8 of the Dungeon)

   [ring of intelligence]

   Int:       It affects your intelligence (+6).
   It has a curse which improves the following skills: Elements: Fire Magic, Ice
   Magic, Air Magic and Earth Magic.
   Cunning:   Dodging and Stealth.
 e - a ring of positive energy
 z - a ring of wizardry (right hand)
 B - the cursed amulet "Bound Together" (around neck) {Acrobat, Alch, Self}
   (You found it on level 5 of the Dungeon)

   [amulet of the acrobat]

   It increases your evasion while moving and waiting.
   It has a curse which improves the following skills: Alchemy: Poison Magic and
   Transmutations.
   Introspection: Fighting and Spellcasting.
 E - a ring of magical power
 G - an amulet of regeneration
Wands
 w - a wand of iceblast (24)
 x - a wand of polymorph (32)
 F - a wand of mindburst (1)
 I - a wand of flame (25)
 W - a wand of acid (5)
 Y - a wand of charming (8)
 Z - a wand of paralysis (13)
Scrolls
 i - 11 scrolls of teleportation
 j - 4 scrolls of amnesia
 m - 2 scrolls of poison
 n - 5 scrolls of enchant armour
 o - 2 scrolls of fear
 v - 2 scrolls of enchant weapon
 D - a scroll of silence
 K - a scroll of vulnerability
 M - 3 scrolls of torment
 O - 2 scrolls of summoning
 R - 5 scrolls of fog
 U - a scroll of brand weapon
 X - 3 scrolls of blinking
Potions
 a - 2 potions of might
 b - 3 potions of magic
 d - 5 potions of haste
 f - 5 potions of mutation
 g - 4 potions of brilliance
 k - 9 potions of curing
 l - 2 potions of cancellation
 p - 3 potions of ambrosia
 s - 2 potions of flight
 t - 2 potions of attraction
 u - 2 potions of heal wounds
 A - 3 potions of invisibility
 C - a potion of resistance
 P - 4 potions of lignification


   Skills:
 + Level 10.5(12.1) Fighting
 + Level 10.5 Short Blades
 + Level 10.5 Long Blades
 + Level 10.5 Axes
 + Level 10.5 Maces & Flails
 + Level 10.5 Polearms
 + Level 10.5 Staves
 + Level 10.5 Slings
 + Level 10.5 Bows
 + Level 10.5 Crossbows
 + Level 10.5 Throwing
 + Level 10.5(12.1) Armour
 + Level 11.4(13.8) Dodging
 + Level 11.3(13.7) Stealth
 + Level 10.5(12.1) Shields
 + Level 10.5 Unarmed Combat
 + Level 11.6(13.2) Spellcasting
 + Level 8.8(10.5) Conjurations
 + Level 8.8(10.5) Hexes
 + Level 8.8(11.3) Summonings
 + Level 8.8(11.3) Necromancy
 + Level 8.8(10.5) Translocations
 + Level 8.8(10.5) Transmutations
 + Level 8.8(10.5) Fire Magic
 + Level 11.3(12.9) Ice Magic
 + Level 8.8(10.5) Air Magic
 + Level 8.8(10.5) Earth Magic
 + Level 8.8(10.5) Poison Magic
 + Level 11.4 Invocations
 + Level 10.5(12.1) Evocations


You had 8 spell levels left.
You knew the following spells:

 Your Spells              Type           Power      Damage    Failure   Level
a - Freeze                Ice            100%       1d11      0%          1
b - Frozen Ramparts       Ice            100%       1d12      1%          3
c - Ozocubu's Armour      Ice            86%        N/A       1%          3
d - Stone Arrow           Conj/Erth      100%       3d13      1%          3
e - Hailstorm             Conj/Ice       83%        3d17      1%          4
f - Haunt                 Necr/Summ      40%        N/A       9%          7
g - Borgnjor's Vile Clut  Necr/Erth      40%        N/A       1%          5
h - Eringya's Noxious Bo  Tmut/Pois      39%        N/A       2%          6

Your spell library contained the following spells:

 Spells                   Type           Power      Damage    Failure   Level
 Animate Skeleton         Necr           100%       N/A       1%          1
 Apportation              Tloc           100%       N/A       1%          1
 Sandblast                Erth           100%       2d20      1%          1
 Shock                    Conj/Air       100%       1d9       1%          1
 Summon Small Mammal      Summ           100%       N/A       1%          1
 Corpse Rot               Necr/Air       100%       N/A       1%          2
 Passwall                 Tmut/Erth      65%        N/A       1%          2
 Confusing Touch          Hex            78%        N/A       1%          3
 Gell's Gravitas          Tloc           78%        N/A       1%          3
 Inner Flame              Hex/Fire       78%        N/A       1%          3
 Swiftness                Air            78%        N/A       1%          3
 Airstrike                Air            39%        N/A       1%          4
 Animate Dead             Necr           40%        N/A       1%          4
 Cause Fear               Hex            39%        N/A       1%          4
 Dispel Undead            Necr           81%        3d26      1%          4
 Fulminant Prism          Conj/Hex       39%        3d18      1%          4
 Iskenderun's Mystic Bla  Conj/Tloc      78%        2d16      1%          4
 Alistair's Intoxication  Tmut/Pois      52%        N/A       1%          5
 Iskenderun's Battlesphe  Conj           78%        2d13      1%          5
 Summon Forest            Summ/Tloc      40%        N/A       1%          5
 Summon Mana Viper        Hex/Summ       80%        N/A       1%          5
 Yara's Violent Unravell  Hex/Tmut       39%        3d16      1%          5
 Death Channel            Necr           40%        N/A       1%          6
 Summon Cactus Giant      Summ           40%        N/A       1%          6
 Malign Gateway           Summ/Tloc      40%        N/A       11%         7
 Spellforged Servitor     Conj/Summ      40%        N/A       11%         7
 Enfeeble                 Hex            39%        N/A       12%         7
 Borgnjor's Revivificati  Necr           40%        N/A       52%         8
 Infestation              Necr           40%        N/A       52%         8
 Summon Horrible Things   Summ           40%        N/A       52%         8
 Discord                  Hex            39%        N/A       65%         8


Dungeon Overview and Level Annotations

Branches:
Dungeon (14/15)            Temple (1/1) D:6            Lair (6/6) D:8
  Swamp (2/4) Lair:3       Spider (0/4) Lair:4        Slime (0/5) Lair:5
    Orc (2/2) D:9             Elf (0/3) Orc:2        Vaults (0/5) D:14
  Sewer (visited)

Altars:
Ashenzari
Cheibriados
Dithmenos
Elyvilon
Fedhas
Gozag
Hepliaklqana
Kikubaaqudgha
Makhleb
Nemelex Xobeh
Okawaru
Qazlal
Ru
Sif Muna
Trog
Uskayaw
Vehumet
Wu Jian
Xom
Yredelemnul
Zin
The Shining One
Beogh
Jiyva

Shops:
D:1 !*[!:   D:2 [?(*   D:6 *   Orc:2 *=((*

Annotations:
D:4 1 runed translucent door, makewrite's ghost, novice HOMo
D:5 2 runed translucent doors, Longtemps's ghost, amateur OpEE
D:8 2 runed translucent doors
Lair:5 1 runed translucent door


Innate Abilities, Weirdness & Mutations

You have very sharp teeth.
Your uncanny sense of smell can sniff out nearby items.
Your experience applies equally to all skills.


Message History

The tyrant leech bites you!!
The tyrant leech draws strength from your injuries!
The stone arrow misses the tyrant leech.
The tyrant leech bites you!!
The tyrant leech draws strength from your injuries!
The tyrant leech bites you.
The tyrant leech draws strength from your injuries!
The stone arrow misses the tyrant leech.
The tyrant leech misses you. The tyrant leech bites you!
The tyrant leech draws strength from your injuries!
You are too injured to fight recklessly!
Casting: Stone Arrow (safe; 1% risk of failure)
Confirm with . or Enter, or press ? or * to list all spells.
Aiming: Borgnjor's Vile Clutch (mildly dangerous; 1% risk of failure)
Press: ? - help, Shift-Dir - straight line, f - tyrant leech, p - tyrant leech
Aim: a tyrant leech (100% to hit)
Okay, then.
You see here 15 gold pieces.
You enter the shallow water.
Moving in this stuff is going to be slow.
The tyrant leech misses you. The tyrant leech bites you!
The tyrant leech draws strength from your injuries!
The tyrant leech attacks as you move away!
The tyrant leech misses you. The tyrant leech completely misses you.
The tyrant leech misses you.
There is a stone staircase leading up here.
The tyrant leech bites you!
The tyrant leech draws strength from your injuries!
The tyrant leech bites you!
* * * LOW HITPOINT WARNING * * *
The tyrant leech draws strength from your injuries!
You climb upwards.
There is a stone staircase leading down here.
Okay, then.
You feel much better. The tyrant leech bites you!!
* * * LOW HITPOINT WARNING * * *
The tyrant leech draws strength from your injuries!
The tyrant leech bites you!!
You die...

♣♣♣♣♣♣ ♣♣...)♣♣♣♣♣♣♣♣♣
♣♣...≈≈.......≈♣♣♣♣ ♣
♣♣♣♣♣...≈≈...≈...≈.♣♣≈♣♣♣ ♣♣♣♣
♣..♣♣...♣♣.≈....≈≈......♣♣♣♣♣♣≈≈.
♣..♣♣...........≈≈.≈≈≈≈.≈♣♣≈..≈≈.
♣♣..♣....≈...≈≈w..≈≈≈≈≈..♣.[≈≈≈≈.
♣.≈♣≈.≈≈≈...≈.≈@w.≈≈≈≈...≈≈≈≈≈♣♣
♣♣.....≈≈≈≈...≈......≈≈....≈...≈≈
♣..≈≈.≈≈≈≈≈.....≈≈...≈≈≈≈.......>
♣≈≈≈§.♣≈.≈..≈...≈≈.≈.≈≈≈[.≈≈.♣♣≈.
♣♣...............≈≈...≈≈≈≈≈≈.♣♣♣.
♣≈.§≈≈≈......≈≈.≈≈≈...≈≈..≈≈.♣ ♣.
♣..≈≈≈≈.≈♣...≈..≈≈≈...≈..≈≈≈.♣ ♣≈
♣≈..≈)≈.♣...♣♣♣.≈≈≈≈≈....≈≈≈.♣ ♣♣
♣♣♣♣........§♣♣.≈≈≈≈.♣♣≈.§≈≈♣♣♣♣


You could see 2 tyrant leeches.

Vanquished Creatures
  Agnes (D:14)
  An orc warlord (Orc:2)
  A bunyip (Swamp:1)
  A fire dragon (Lair:6)
  A yaktaur captain (D:14)
  Josephine (Lair:4)
  Fannar (Lair:3)
  Harold (Lair:2)
  2 catoblepae
  A ghost crab (Swamp:1)
  A boulder beetle (D:11)
  8 hydras
  5 centaur warriors
  2 ogre magi (Orc:2)
  The ghost of stillor the Nimble, a journeyman DEWz of Vehumet (Lair:1)
  16 two-headed ogres
  2 alligators (Swamp:1)
  2 tengu warriors (D:14)
  Urug (D:12)
  Sonja (D:12)
  A goliath frog (Swamp:1)
  A nameless horror (D:11)
  2 deep trolls (Orc:2)
  A swamp dragon (Swamp:1)
  A lindwurm (Lair:6)
  A deep elf pyromancer (D:14)
  6 cyclopes
  A mana viper (shapeshifter) (D:8)
  3 ugly things (D:13)
  2 manticores
  A manticore (shapeshifter) (D:12)
  6 elephants
  Joseph (D:10)
  9 black mambas
  2 molten gargoyles (Lair:6)
  An ice statue (D:14)
  An unseen horror (D:8)
  14 cane toads
  Maggie (D:10)
  4 kobold demonologists
  2 yaktaurs (D:14)
  2 rime drakes
  9 komodo dragons
  An efreet (D:13)
  A freezing wraith (D:12)
  16 trolls
  A polar bear (Lair:6)
  A bloated husk (Swamp:1)
  A tyrant leech (Swamp:1)
  Prince Ribbit (D:6)
  4 hornets
  3 blink frogs (Lair:5)
  5 slime creatures
  11 dream sheep
  Sigmund (D:6)
  2 shadows
  A vampire (D:13)
  9 wraiths
  5 basilisks
  7 wyverns
  53 yaks
  3 steam dragons
  6 vampire mosquitoes
  A redback (Lair:4)
  4 swamp worms (Swamp:1)
  3 wargs (Orc:2)
  2 acid dragons
  18 water moccasins
  2 two-headed ogre zombies (D:9)
  4 hell hounds (Lair:6)
  5 sky beasts
  7 orc warriors
  4 black bears
  6 wolves (Lair:1)
  14 centaurs
  21 ogres
  2 phantoms (D:9)
  5 kobold brigands
  16 bullfrogs
  5 scorpions
  4 necrophages
  A gnoll sergeant (D:9)
  16 wights
  12 killer bees
  An electric eel (Lair:3)
  2 howler monkeys
  5 lava snakes (Lair:6)
  4 hounds
  4 jellies
  10 orc priests
  A gnoll shaman (D:5)
  Ijyb (D:4)
  3 iguanas
  15 orc wizards
  6 ogre zombies (D:9)
  5 gnolls (D:9)
  3 river rats
  9 adders
  A shadow imp (D:6)
  2 ufetubi
  8 worms
  3 dart slugs (D:1)
  57 orcs
  6 endoplasms
  2 giant cockroaches (D:2)
  6 goblins
  7 hobgoblins
  3 jackals (D:5)
  29 kobolds
  A quokka (D:2)
  18 ball pythons
  4 bats
  2 frilled lizards
  A goblin skeleton (D:9)
  3 hobgoblin zombies (D:9)
  2 orc skeletons (D:9)
  19 orc zombies (D:9)
  13 rats
662 creatures vanquished.

Vanquished Creatures (collateral kills)
  A bunyip (Swamp:1)
  2 kobold demonologists (D:12)
  A tyrant leech (Lair:3)
  A spriggan (Swamp:1)
  2 vampire mosquitoes (Lair:3)
  2 swamp drakes (Swamp:1)
9 creatures vanquished.

Vanquished Creatures (others)
  11 bushes (D:12)
  32 fungi
  36 plants
79 creatures vanquished.

Grand Total: 750 creatures vanquished

Notes
Turn   | Place    | Note
-------+----------+-------------------------------------------
     0 | D:1      | Bruhh the Gnoll Ice Elementalist began the quest for the
                  | Orb.
     0 | D:1      | Reached XP level 1. HP: 13/13 MP: 6/6
   144 | D:1      | Found Lyurac's Book Boutique.
   185 | D:1      | Found Vuleafuk's Antique Armour Boutique.
   189 | D:1      | Found Giats's Distillery.
   200 | D:1      | Reached XP level 2. HP: 14/19 MP: 3/7
   533 | D:1      | Found Lumousae's Assorted Antiques.
   551 | D:1      | Found a faded altar of an unknown god.
   589 | D:1      | Found Jiuzuc's Distillery.
   608 | D:1      | You fall into a shaft and drop 1 floor!
   608 | D:2      | Found Lyush's General Store.
  1256 | D:2      | Reached XP level 3. HP: 15/25 MP: 5/9
  1260 | D:2      | Learned a level 3 spell: Frozen Ramparts
  1264 | D:2      | Learned a level 3 spell: Ozocubu's Armour
  1459 | D:2      | Reached skill level 5 in Spellcasting
  1764 | D:2      | Found Nuybiusidgh's Weapon Shoppe.
  1914 | D:2      | Found Qucenk Zescha's Magic Scroll Emporium.
  1929 | D:2      | Found Waon's Armour Emporium.
  2056 | D:3      | Reached skill level 1 in Invocations
  2171 | D:3      | Reached skill level 1 in Fighting
  2171 | D:3      | Reached skill level 1 in Short Blades
  2171 | D:3      | Reached skill level 1 in Long Blades
  2171 | D:3      | Reached skill level 1 in Axes
  2171 | D:3      | Reached skill level 1 in Maces & Flails
  2171 | D:3      | Reached skill level 1 in Polearms
  2171 | D:3      | Reached skill level 1 in Staves
  2171 | D:3      | Reached skill level 1 in Slings
  2171 | D:3      | Reached skill level 1 in Bows
  2171 | D:3      | Reached skill level 1 in Crossbows
  2171 | D:3      | Reached skill level 1 in Throwing
  2171 | D:3      | Reached skill level 1 in Armour
  2171 | D:3      | Reached skill level 1 in Shields
  2171 | D:3      | Reached skill level 1 in Unarmed Combat
  2171 | D:3      | Reached skill level 1 in Evocations
  2279 | D:3      | Reached XP level 4. HP: 32/32 MP: 8/11
  2419 | D:3      | Reached skill level 1 in Conjurations
  2419 | D:3      | Reached skill level 1 in Hexes
  2419 | D:3      | Reached skill level 1 in Summonings
  2419 | D:3      | Reached skill level 1 in Necromancy
  2419 | D:3      | Reached skill level 1 in Translocations
  2419 | D:3      | Reached skill level 1 in Transmutations
  2419 | D:3      | Reached skill level 1 in Fire Magic
  2419 | D:3      | Reached skill level 1 in Air Magic
  2419 | D:3      | Reached skill level 1 in Earth Magic
  2419 | D:3      | Reached skill level 1 in Poison Magic
  2721 | D:3      | Identified the +4 whip of the Vase {spect, *Slow rC+++
                  | Int+7}
  3055 | D:3      | Reached XP level 5. HP: 37/37 MP: 12/12
  3334 | D:4      | Found a runed translucent door.
  3338 | D:4      | Noticed makewrite's ghost (novice HOMo)
  3476 | D:4      | Noticed Ijyb
  3508 | D:4      | Killed Ijyb
  4047 | D:5      | Entered Level 5 of the Dungeon
  4057 | D:5      | Reached XP level 6. HP: 36/44 MP: 9/13
  4143 | D:5      | Reached skill level 5 in Dodging
  4211 | D:5      | Found a large runed translucent door.
  4211 | D:5      | Found a large runed translucent door.
  4215 | D:5      | Noticed Longtemps's ghost (amateur OpEE)
  4331 | D:5      | Found a blossoming altar of Fedhas.
  4395 | D:5      | Noticed a black bear
  4405 | D:5      | Killed a black bear
  4406 | D:5      | Reached XP level 7. HP: 43/50 MP: 8/15
  4541 | D:5      | Noticed a yak
  4541 | D:5      | Noticed a yak
  4553 | D:5      | Killed a yak
  4557 | D:5      | Killed a yak
  4558 | D:5      | Reached skill level 5 in Stealth
  4677 | D:5      | Found a glowing drain.
  4699 | Sewer    | Entered a sewer
  4764 | Sewer    | Reached XP level 8. HP: 57/57 MP: 8/16
  6201 | D:5      | Noticed a yak
  6203 | D:5      | Noticed a yak
  6204 | D:5      | Noticed a yak
  6215 | D:5      | Killed a yak
  6220 | D:5      | Killed a yak
  6221 | D:5      | Reached XP level 9. HP: 63/65 MP: 12/18
  6405 | D:6      | Found Zabayr's Neck Hole.
  6470 | D:6      | Noticed Sigmund
  6493 | D:6      | Killed Sigmund
  7118 | D:6      | Got Isuv's Reference Book on the Voyage and Attacks
  7139 | D:6      | Noticed Prince Ribbit
  7152 | D:6      | Killed Prince Ribbit
  7157 | D:6      | Learned a level 3 spell: Stone Arrow
  7162 | D:6      | Learned a level 4 spell: Hailstorm
  7282 | D:6      | Noticed a two-headed ogre
  7288 | D:6      | Killed a two-headed ogre
  7289 | D:6      | Reached skill level 5 in Invocations
  7289 | D:6      | Reached XP level 10. HP: 65/73 MP: 2/20
  7800 | D:6      | Found a staircase to the Ecumenical Temple.
  7913 | D:6      | Reached skill level 5 in Fighting
  7913 | D:6      | Reached skill level 5 in Short Blades
  7913 | D:6      | Reached skill level 5 in Long Blades
  7913 | D:6      | Reached skill level 5 in Axes
  7913 | D:6      | Reached skill level 5 in Maces & Flails
  7913 | D:6      | Reached skill level 5 in Polearms
  7913 | D:6      | Reached skill level 5 in Staves
  7913 | D:6      | Reached skill level 5 in Slings
  7913 | D:6      | Reached skill level 5 in Bows
  7913 | D:6      | Reached skill level 5 in Crossbows
  7913 | D:6      | Reached skill level 5 in Throwing
  7913 | D:6      | Reached skill level 5 in Armour
  7913 | D:6      | Reached skill level 5 in Shields
  7913 | D:6      | Reached skill level 5 in Unarmed Combat
  7913 | D:6      | Reached skill level 5 in Evocations
  8048 | Temple   | Entered the Ecumenical Temple
  8133 | Temple   | Became a worshipper of Ashenzari the Shackled
  8672 | D:7      | Got Femneacweg's Handbook of Excruciating Evil Arts
  9319 | D:8      | Found a staircase to the Lair.
  9339 | D:8      | Found a white marble altar of Elyvilon.
  9962 | D:8      | Found a large runed translucent door.
  9962 | D:8      | Found a large runed translucent door.
  9965 | D:8      | Found a large runed translucent door.
  9965 | D:8      | Found a large runed translucent door.
  9968 | D:8      | Noticed a two-headed ogre
  9991 | D:8      | Killed a two-headed ogre
  9992 | D:8      | Reached XP level 11. HP: 21/81 MP: 6/22
 10395 | D:8      | Found a hazy altar of Hepliaklqana.
 10403 | D:8      | Found an opulent altar of Gozag.
 10469 | D:8      | Reached skill level 5 in Conjurations
 10469 | D:8      | Reached skill level 5 in Hexes
 10469 | D:8      | Reached skill level 5 in Summonings
 10469 | D:8      | Reached skill level 5 in Necromancy
 10469 | D:8      | Reached skill level 5 in Translocations
 10469 | D:8      | Reached skill level 5 in Transmutations
 10469 | D:8      | Reached skill level 5 in Fire Magic
 10469 | D:8      | Reached skill level 5 in Air Magic
 10469 | D:8      | Reached skill level 5 in Earth Magic
 10469 | D:8      | Reached skill level 5 in Poison Magic
 10604 | D:8      | Identified the +6 hand axe of the Sun {spect, Will+}
 10655 | D:8      | Noticed a two-headed ogre
 10659 | D:8      | Killed a two-headed ogre
 10676 | D:8      | Identified a scroll of acquirement
 10677 | D:8      | Noticed a mana viper
 10685 | D:8      | Killed a mana viper
 10849 | D:8      | Noticed a two-headed ogre
 10854 | D:8      | Killed a two-headed ogre
 11534 | D:9      | Found a staircase to the Orcish Mines.
 12884 | D:9      | Identified the +5 whip of the Leylines {vorpal, rElec
                  | Str+2}
 12885 | D:9      | Reached * piety under Ashenzari
 12935 | Lair:1   | Entered Level 1 of the Lair of Beasts
 12952 | Lair:1   | Reached ** piety under Ashenzari
 12981 | Lair:1   | Reached XP level 12. HP: 72/89 MP: 9/24
 13076 | Lair:1   | Found a runed translucent gate.
 13076 | Lair:1   | Found a runed translucent gate.
 13076 | Lair:1   | Found a runed translucent gate.
 13080 | Lair:1   | Noticed stillor's ghost (journeyman DEWz)
 13552 | Lair:1   | Noticed an eight-headed hydra
 13555 | Lair:1   | Noticed an eight-headed hydra
 13556 | Lair:1   | Killed an eight-headed hydra
 13569 | Lair:1   | Killed an eight-headed hydra
 14356 | Lair:1   | Learned a level 4 spell: Iskenderun's Mystic Blast
 14402 | Lair:1   | Acquired 563 gold pieces
 14501 | Lair:1   | Killed stillor's ghost
 15160 | Lair:2   | Noticed Harold
 15169 | Lair:2   | Killed Harold
 15655 | Lair:3   | Noticed a catoblepas
 16499 | Lair:3   | Killed a catoblepas
 16500 | Lair:3   | Reached XP level 13. HP: 66/98 MP: 2/26
 16822 | Lair:3   | Noticed Fannar
 16832 | Lair:3   | Killed Fannar
 17165 | Lair:3   | Found a staircase to the Swamp.
 18531 | Lair:4   | Found a hole to the Spider Nest.
 18600 | Lair:4   | Noticed Josephine
 18619 | Lair:4   | Killed Josephine
 18620 | Lair:4   | Reached skill level 10 in Ice Magic
 19297 | D:1      | Bought Great Wizards, Vol. II for 380 gold pieces
 19303 | D:1      | Learned a level 5 spell: Borgnjor's Vile Clutch
 19310 | D:1      | Learned a level 6 spell: Eringya's Noxious Bog
 20025 | Lair:5   | Reached skill level 10 in Spellcasting
 20505 | Lair:5   | Found a runed translucent door.
 20505 | Lair:5   | Found a viscous altar of Jiyva.
 20506 | Lair:5   | Noticed an acid blob
 20506 | Lair:5   | Noticed an acid blob
 20508 | Lair:5   | Noticed an acid blob
 20509 | Lair:5   | Found a staircase to the Slime Pits.
 21053 | Lair:6   | Entered Level 6 of the Lair of Beasts
 21071 | Lair:6   | Reached skill level 10 in Dodging
 21071 | Lair:6   | Reached XP level 14. HP: 81/106 MP: 19/28
 21923 | Lair:6   | Reached skill level 10 in Stealth
 22474 | Lair:6   | Reached skill level 10 in Invocations
 22714 | Lair:6   | Found a large runed translucent door.
 22714 | Lair:6   | Found a large runed translucent door.
 23845 | Orc:1    | Entered Level 1 of the Orcish Mines
 24039 | Orc:2    | Entered Level 2 of the Orcish Mines
 24039 | Orc:2    | Noticed an orc warlord
 24045 | Orc:2    | Killed an orc warlord
 24264 | Orc:2    | Found a staircase to the Elven Halls.
 24286 | Orc:2    | Found Duhiriwa's Antique Weapon Emporium.
 24320 | Orc:2    | Found Tianliem's Jewellery Shop.
 24365 | Orc:2    | Found Xas Aron's General Store.
 24598 | Orc:2    | Found Plog's Assorted Antiques.
 24607 | Orc:2    | Found Xezoecs's Antique Weapon Shop.
 24979 | D:10     | Entered Level 10 of the Dungeon
 25105 | D:10     | Noticed Joseph
 25120 | D:10     | Killed Joseph
 25121 | D:10     | Reached XP level 15. HP: 116/117 MP: 13/31
 25587 | D:10     | Noticed Maggie
 25600 | D:10     | Killed Maggie
 27274 | D:11     | Learned a level 7 spell: Haunt
 27289 | D:12     | Noticed Urug
 27297 | D:12     | Killed Urug
 28966 | D:12     | Reached *** piety under Ashenzari
 28983 | D:12     | Reached skill level 10 in Fighting
 28983 | D:12     | Reached skill level 10 in Short Blades
 28983 | D:12     | Reached skill level 10 in Long Blades
 28983 | D:12     | Reached skill level 10 in Axes
 28983 | D:12     | Reached skill level 10 in Maces & Flails
 28983 | D:12     | Reached skill level 10 in Polearms
 28983 | D:12     | Reached skill level 10 in Staves
 28983 | D:12     | Reached skill level 10 in Slings
 28983 | D:12     | Reached skill level 10 in Bows
 28983 | D:12     | Reached skill level 10 in Crossbows
 28983 | D:12     | Reached skill level 10 in Throwing
 28983 | D:12     | Reached skill level 10 in Armour
 28983 | D:12     | Reached skill level 10 in Shields
 28983 | D:12     | Reached skill level 10 in Unarmed Combat
 28983 | D:12     | Reached skill level 10 in Evocations
 29305 | D:12     | Noticed Sonja
 29311 | D:12     | Killed Sonja
 29405 | D:12     | Found a shadowy altar of Dithmenos.
 30792 | D:13     | Found an iron altar of Okawaru.
 31968 | D:14     | Found an ancient bone altar of Kikubaaqudgha.
 32314 | D:14     | Noticed Agnes
 32327 | D:14     | Killed Agnes
 32826 | D:14     | Found a gate to the Vaults.
 33434 | Swamp:1  | Entered Level 1 of the Swamp
 35263 | Swamp:1  | Slain by a tyrant leech

Illustrated notes

Levels and vault maps discovered:
D:1:      dpeg_arrival_shelter, layout_basic, serial_corexii_hall,
          chequers_hall_statues_wall_a, chequers_hall_statues_y,
          chequers_hall_statues_y, corexii_hall_statues_x,
          corexii_hall_statues_x, corexii_hall_statues_i, serial_shops,
          nicolae_square_shop, shop, shop, shop, shop, basic_ecumenical_altar,
          minmay_misc_feat_ornament, hangedman_decor_riveting,
          chequers_serial_rivers_large_a
D:2:      layout_loops_ring, serial_shops, nicolae_shop_crystal, shop_fountains,
          shop, shop
D:3:      minmay_spotlight, layout_basic
D:4:      layout_cave_pods, hellmonk_ghost_happy_afterlife, uniq_ijyb
D:5:      minmay_chambers_of_threes, layout_layer_cave, fedhas_ov_isle_minmay,
          ebering_ghost_disaster_area, lightli_sewer_entry_pipes, st_stairs_14
D:6:      layout_basic, minmay_temple_entry_trees,
          nicolae_shop_sticking_my_neck_out, uniq_prince_ribbit1, uniq_sigmund
D:7:      layout_basic, hangedman_minor_gate_pass
D:8:      layout_layer_cave, amethyst_overflow_temple_binary,
          mainiacjoe_overflow_tiny_flanked, lair_entry_dummy,
          minmay_hollow_rounded_squares
D:9:      layout_gridville, zombieorc2_lemuel
D:10:     layout_stronghold, uniq_joseph, uniq_maggie
D:11:     layout_stronghold, serial_column_ruins, column_ruins_open_tiny,
          column_ruins_open_small, column_ruins_open_small,
          column_ruins_open_small, column_ruins_columns_corner
D:12:     layout_cross, serial_park, serial_park_square1
          [serial_park_minivault_5x5_2], serial_park_gazebo
          [serial_park_minivault_5x5_3], serial_park_tiny_2, serial_park_square1
          [serial_park_minivault_5x5_7], serial_park_square3
          [serial_park_minivault_5x5_5], david_defended_altar_orc, uniq_urug,
          uniq_sonja
D:13:     layout_loops_cross, okawaru_altar_gauntlet_db
D:14:     layout_long_grid, david_vaults_2, nicolae_kikubaaqudgha_miasma_corner,
          serial_rivers, chequers_serial_rivers_micro_c,
          chequers_serial_rivers_micro_b, chequers_serial_rivers_marsh,
          chequers_serial_rivers_large_b, portal_ice_cave_entry_ice_statue_one,
          uniq_agnes
Temple:   compressed_dpeg_circular_temple
Lair:1:   layout_misc_corridors, gammafunk_ghost_split
Lair:2:   layout_regular_city, serial_forest, infiniplex_forest_clump_long,
          infiniplex_forest_straight_2, infiniplex_forest_clump_medium,
          infiniplex_forest_zigzag_1, infiniplex_forest_straight_2,
          infiniplex_forest_straight_2, grunt_megastairs_3, uniq_harold
Lair:3:   layout_regular_city, swamp_mist, grunt_forest_small_clearings,
          lemuel_fruit_tree, grunt_megastairs_1, infiniplex_staircase_pool,
          uniq_fannar
Lair:4:   layout_roguey, spider_nest_entry_webs, uniq_josephine
Lair:5:   beast_lair_carwin_large_1, layout_loops_ring, slime_altar_2,
          nicolae_lair_grove_arrangements
Lair:6:   cheibrodos_lair_end_hotspot, layout_layer_cave, dreamdust_wasp_nest
Swamp:1:  layout_basic_swamp, evilmike_swamp_ruin_rubble_1
Swamp:2:  layout_falls_marsh, nicolae_swamp_ascending_descending, uniq_jorgrun
Orc:1:    layout_caves, serial_shops, nicolae_shop_hallway_plus
Orc:2:    st_orc_open, layout_diamond_mine, serial_shops,
          nicolae_shop_statue_plus

Skill      XL: |  1  2  3  4  5  6  7  8  9 10 11 12 13 14 15 |
---------------+----------------------------------------------+-----
Spellcasting   | 5 6 7 8 9 10 11 | 11.6
Invocations    | 1 2 3 4 5 6 7 8 9 10 11 | 11.4
Fighting       | 1 2 3 4 5 6 7 8 9 10 | 10.5
Short Blades   | 1 2 3 4 5 6 7 8 9 10 | 10.5
Long Blades    | 1 2 3 4 5 6 7 8 9 10 | 10.5
Axes           | 1 2 3 4 5 6 7 8 9 10 | 10.5
Maces & Flails | 1 2 3 4 5 6 7 8 9 10 | 10.5
Polearms       | 1 2 3 4 5 6 7 8 9 10 | 10.5
Staves         | 1 2 3 4 5 6 7 8 9 10 | 10.5
Slings         | 1 2 3 4 5 6 7 8 9 10 | 10.5
Bows           | 1 2 3 4 5 6 7 8 9 10 | 10.5
Crossbows      | 1 2 3 4 5 6 7 8 9 10 | 10.5
Throwing       | 1 2 3 4 5 6 7 8 9 10 | 10.5
Armour         | 1 2 3 4 5 6 7 8 9 10 | 10.5
Shields        | 1 2 3 4 5 6 7 8 9 10 | 10.5
Unarmed Combat | 1 2 3 4 5 6 7 8 9 10 | 10.5
Evocations     | 1 2 3 4 5 6 7 8 9 10 | 10.5
Conjurations   | 1 2 3 4 5 6 7 8 |  8.8
Hexes          | 1 2 3 4 5 6 7 8 |  8.8
Summonings     | 1 2 3 4 5 6 7 8 |  8.8
Necromancy     | 1 2 3 4 5 6 7 8 |  8.8
Translocations | 1 2 3 4 5 6 7 8 |  8.8
Transmutations | 1 2 3 4 5 6 7 8 |  8.8
Fire Magic     | 1 2 3 4 5 6 7 8 |  8.8
Air Magic      | 1 2 3 4 5 6 7 8 |  8.8
Earth Magic    | 1 2 3 4 5 6 7 8 |  8.8
Poison Magic   | 1 2 3 4 5 6 7 8 |  8.8
Dodging        | 5 6 7 8 9 10 11 | 11.4
Stealth        | 5 6 7 8 9 10 11 | 11.3
Ice Magic      | 8 9 10 11 | 11.3

Action                   |  1- 3 |  4- 6 |  7- 9 | 10-12 | 13-15 || total
-------------------------+-------+-------+-------+-------+-------++-------
Melee: Unarmed           |    19 |     8 |       |       |       ||    27
       Bite              |     3 |     5 |     5 |    57 |    55 ||   125
       Whip              |       |    35 |    73 |   395 |   411 ||   914
       Punch             |       |     1 |     2 |     3 |       ||     6
 Cast: Freeze            |    48 |    30 |    89 |   123 |    72 ||   362
       Frozen Ramparts   |     1 |     2 |    11 |    35 |    12 ||    61
       Ozocubu's Armour  |     1 |     2 |     8 |    26 |    11 ||    48
       Stone Arrow       |       |       |     4 |    17 |   217 ||   238
       Hailstorm         |       |       |       |    15 |     7 ||    22
       Iskenderun's Myst |       |       |       |     2 |    14 ||    16
       Eringya's Noxious |       |       |       |       |    27 ||    27
       Borgnjor's Vile C |       |       |       |       |    49 ||    49
       Haunt             |       |       |       |       |    10 ||    10
Invok: Curse Item        |       |       |       |     3 |     3 ||     6
       Shatter the Chain |       |       |       |     1 |       ||     1
Evoke: Wand              |       |       |       |     8 |     1 ||     9
  Use: Scroll            |       |     2 |       |     8 |     3 ||    13
       Potion            |       |       |     1 |     1 |     5 ||     7
 Stab: Sleeping          |       |     1 |       |     5 |     4 ||    10
       Distracted        |       |       |       |     5 |     8 ||    13
Armor: Robe              |    13 |       |       |       |       ||    13
       Leather armour    |     2 |    14 |    42 |   137 |   146 ||   341
       Skin              |       |     1 |       |       |       ||     1
Dodge: Dodged            |    42 |    52 |   130 |   426 |   602 ||  1252
       Repelled          |       |       |       |       |     8 ||     8
Block: Buckler           |       |       |       |   117 |   204 ||   321

Table legend: (Time is in decaauts)
 A = Elapsed time spent in this place.
 B = Non-inter-level travel time spent in this place.
 C = Inter-level travel time spent in this place.
 D = Time resting spent in this place.
 E = Time spent auto-exploring this place.
 F = Levels seen in this place.
 G = Mean time per level.
                   A        B        C        D        E       F      G
               +--------+--------+--------+--------+--------+-----+--------+
         Total |  35429 |  33862 |   1567 |   2494 |  26568 |  26 | 1362.7 |
       Dungeon |  20825 |  19811 |   1014 |   1728 |  15394 |  14 | 1487.5 |
        Temple |     96 |     96 |      0 |      0 |     59 |   1 |   96.0 |
          Lair |  10860 |  10362 |    498 |    766 |   8136 |   6 | 1810.0 |
         Swamp |   1494 |   1478 |     16 |      0 |   1294 |   2 |  747.0 |
  Orcish Mines |   1125 |   1087 |     38 |      0 |    893 |   2 |  562.5 |
         Sewer |   1027 |   1027 |      0 |      0 |    791 |   1 | 1027.0 |
               +--------+--------+--------+--------+--------+-----+--------+

Top non-repeatable levels by time:
  Lair:6: 2631 daAuts
    D:11: 2350 daAuts
    D:14: 2132 daAuts
     D:9: 1905 daAuts
  Lair:3: 1854 daAuts
     D:6: 1682 daAuts
  Lair:1: 1679 daAuts
  Lair:2: 1611 daAuts
  Lair:4: 1609 daAuts
     D:5: 1551 daAuts
     D:7: 1547 daAuts
  Lair:5: 1474 daAuts
    D:12: 1467 daAuts
 Swamp:1: 1466 daAuts
     D:8: 1411 daAuts
